 Dungeon Crawl Stone Soup version 0.27.1-1-g398f81649c (webtiles) character file.

Game seed: 9259707136434154463

263 nxtlvl the Firebug (level 6, -10/41 HPs)
             Began as a Formicid Fire Elementalist on Sept 8, 2021.
             Mangled by a wyvern (12 damage)
             ... on level 8 of the Dungeon.
             The game lasted 00:18:22 (1488 turns).

nxtlvl the Firebug (Formicid Fire Elementalist)     Turns: 1488, Time: 00:18:23

Health: -10/41     AC:  4    Str: 12    XL:     6   Next: 42%
Magic:  6/11       EV: 12    Int: 17    God:
Gold:   105        SH:  0    Dex: 17    Spells: 6/11 levels left

rFire    . . .     SeeInvis +   b - +0 hand axe (elec)
rCold    . . .     Faith    .   (no shield)
rNeg     + . .     Spirit   .   c - +1 robe {rN+}
rPois    .         Reflect  .   (helmet unavailable)
rElec    .         Harm     .   (no cloak)
rCorr    +         Rampage  .   d - +0 pair of gloves
Will     .....                  (no boots)
Stlth    ++........             (no amulet)
HPRegen  0.13/turn              p - ring of resist corrosion
MPRegen  0.12/turn              P - +6 ring of dexterity

@: very slightly contaminated
A: permanent stasis, dig shafts and tunnels, antennae 3, four strong arms
a: Dig, Shaft Self


You were on level 8 of the Dungeon.
You visited 1 branch of the dungeon, and saw 7 of its levels.

You collected 105 gold pieces.

Inventory:

Hand Weapons
 a - a +0 hand crossbow
 b - a +0 hand axe of electrocution (weapon)
Missiles
 k - 8 javelins
 m - 30 bolts
Armour
 c - a +1 robe of positive energy (worn)
 d - a +0 pair of gloves (worn)
Jewellery
 p - a ring of resist corrosion (left hand)
 P - a +6 ring of dexterity (right hand)
Scrolls
 f - a scroll of identify {unknown}
 l - a scroll of enchant weapon {unknown}
 o - a scroll of amnesia {unknown}
Potions
 e - a potion of curing {unknown}
 g - 2 potions of haste {unknown}
 h - a potion of might {unknown}
 i - a potion of magic {unknown}
 j - a potion of degeneration {unknown}


   Skills:
 - Level 1.7 Dodging
 - Level 2.4 Stealth
 + Level 3.4 Spellcasting
 * Level 3.4 Conjurations
 * Level 4.8 Fire Magic


You had 6 spell levels left.
You knew the following spells:

 Your Spells              Type           Power      Damage    Failure   Level
x - Sticky Flame          Conj/Fire      16%        2d4       30%         4
z - Foxfire               Conj/Fire      64%        2x1d7     3%          1

Your spell library contained the following spells:

 Spells                   Type           Power      Damage    Failure   Level
 Shock                    Conj/Air       32%        1d5       9%          1
 Conjure Flame            Conj/Fire      16%        6-21      10%         3
 Inner Flame              Hex/Fire       11%        N/A       19%         3
 Stone Arrow              Conj/Erth      16%        3d8       26%         3
 Fireball                 Conj/Fire      8%         3d6       65%         5
 Airstrike                Air            1%         N/A       86%         4
 Animate Armour           Summ/Erth      4%         N/A       86%         4
 Lehudib's Crystal Spear  Conj/Erth      4%         10d3      100%        8
 Swiftness                Air            Unusable   N/A       N/A         3

Dungeon Overview and Level Annotations

Branches:
Dungeon (8/15)
 Temple: D:4-7         Lair: D:8-11

Altars:
Nemelex Xobeh
Okawaru

Shops:
D:4 ([?*

Annotations:
D:4 1 runed translucent door, reversiblehash's ghost, amateur MiFi
D:5 Edmund


Innate Abilities, Weirdness & Mutations

You cannot be hasted, slowed, berserked, paralysed or teleported.
You can dig through walls and to a lower floor.
You have a pair of large antennae on your head. (SInv)
Your four strong arms can wield two-handed weapons with a shield.


Message History

The wyvern is severely wounded.
The now-empty wand crumbles to dust.
Unknown command.
Casting: Foxfire (safe; 3% risk of failure)
Confirm with . or Enter, or press ? or * to list all spells.
You miscast Foxfire.
You are very lightly contaminated with residual magic.
Nothing appears to happen.
The wyvern bites you. x2
Unknown command.
Casting: Foxfire (safe; 3% risk of failure)
Confirm with . or Enter, or press ? or * to list all spells.
You conjure some foxfire!
The wyvern bites you.
Unknown command.
Casting: Foxfire (safe; 3% risk of failure)
Confirm with . or Enter, or press ? or * to list all spells.
You conjure some foxfire!
The foxfire hits the wyvern but does no damage.
The wyvern is severely wounded.
The foxfire hits the wyvern but does no damage.
The wyvern is severely wounded.
The wyvern closely misses you. The wyvern barely misses you.
Unknown command.
Your foxfire dissipates!
The foxfire hits the wyvern.
The wyvern is almost dead.
The wyvern bites you!
* * * LOW HITPOINT WARNING * * *
Unknown command.
Casting: Foxfire (safe; 3% risk of failure)
Confirm with . or Enter, or press ? or * to list all spells.
You conjure some foxfire!
The wyvern closely misses you.
Unknown command.
Casting: Foxfire (safe; 3% risk of failure)
Confirm with . or Enter, or press ? or * to list all spells.
You conjure some foxfire!
The foxfire hits the wyvern.
The wyvern is almost dead.
The foxfire hits the wyvern.
The wyvern is almost dead.
The wyvern bites you!
You die...

####### ##......# ......#
#..#...##### ##....#####
###..........###### ..........#
##..#..........[....
.#######..####..#################
...............## ####
.#.###.#.#####..##...##
.#.....#.# #.lv.....# .#.._..#.#
##.@.....# .#.....#.# #§v.....#
.#.###.#.# #.......# .......l#
##.....## #######.# #.....#
........# #.....# ....#####
##...## .... ...#


You could see a wyvern (ally target).

Vanquished Creatures
  Blork the orc (D:4)
  2 wights (D:7)
  A centaur skeleton (D:4)
  4 adders
  A worm (D:4)
  An orc (D:3)
  3 bats
  2 endoplasms
  3 giant cockroaches
  5 goblins
  4 hobgoblins
  A jackal (D:1)
  A quokka (D:2)
  2 frilled lizards (D:1)
  7 kobolds
  3 rats
41 creatures vanquished.

Vanquished Creatures (others)
  144 foxfires
144 creatures vanquished.

Grand Total: 185 creatures vanquished

Notes
Turn   | Place    | Note
-------+----------+-------------------------------------------
     0 | D:1      | nxtlvl the Formicid Fire Elementalist began the quest for
                  | the Orb.
     0 | D:1      | Reached XP level 1. HP: 13/13 MP: 3/3
    85 | D:1      | Reached skill level 1 in Conjurations
   189 | D:1      | Reached XP level 2. HP: 19/19 MP: 3/5
   550 | D:3      | Reached XP level 3. HP: 24/24 MP: 4/6
   562 | D:3      | Found an iron altar of Okawaru.
   785 | D:4      | Reached XP level 4. HP: 30/30 MP: 2/8
   790 | D:4      | Learned a level 4 spell: Sticky Flame
   814 | D:4      | Found Anymm's Magic Scroll Emporium.
   838 | D:4      | Found Riywymp's Assorted Antiques.
   844 | D:4      | Found Veif's Weapon Emporium.
   844 | D:4      | Found Edoineki's Armour Emporium.
   883 | D:4      | Reached skill level 4 in Fire Magic
   954 | D:4      | Noticed Blork the orc
   977 | D:4      | Found a runed translucent door.
   981 | D:4      | Noticed reversiblehash's ghost (amateur MiFi)
  1020 | D:4      | Reached XP level 5. HP: 35/35 MP: 4/9
  1039 | D:4      | Noticed a black bear
  1104 | D:5      | Entered Level 5 of the Dungeon
  1113 | D:5      | Noticed a water moccasin
  1137 | D:4      | Killed Blork the orc
  1268 | D:5      | Noticed Edmund
  1292 | D:5      | You fall into a shaft and drop 3 floors!
  1357 | D:7      | Reached XP level 6. HP: 6/41 MP: 5/10
  1360 | D:7      | Noticed a two-headed ogre
  1455 | D:8      | Found a sparkling altar of Nemelex Xobeh.
  1463 | D:8      | Noticed a water moccasin
  1471 | D:8      | Noticed a wyvern
  1486 | D:8      | HP: 2/41 [wyvern (13)]
  1488 | D:8      | Mangled by a wyvern

Illustrated notes

Levels and vault maps discovered:
D:1:      grunt_arrival_crossed_arrows, layout_loops_ring,
          dreamdust_ecumenical_altar_grove
D:2:      layout_loops_corners, grunt_ministairs_6, small_statue_intersection
D:3:      layout_loops_ring, marbit_many_paths, okawaru_trees_2
D:4:      layout_rooms, ebering_ghost_sewer_d, skrybe_limestone_x,
          minmay_shop_grid_forest, grunt_decor_arrowhead, uniq_blork_the_orc
D:5:      layout_rooms, grunt_gozag_statues, minmay_temple_entry_fiery,
          uniq_edmund, uniq_grinder
D:7:      layout_gridville
D:8:      layout_cave_pods, mainiacjoe_overflow_cross_hatched, uniq_erica

Skill      XL: |  1  2  3  4  5 |
---------------+----------------+-----
Conjurations   | 1 2 3 |  3.4
Fire Magic     | 4 |  4.8
Spellcasting   | 3 |  3.4
Dodging        | |  1.7
Stealth        | |  2.4

Action                   |  1- 3 |  4- 6 || total
-------------------------+-------+-------++-------
Melee: Club              |    14 |       ||    14
       Hand axe          |     1 |     4 ||     5
 Cast: Foxfire           |    46 |    40 ||    86
 Abil: Dig               |     2 |     2 ||     4
       Shaft Self        |       |     1 ||     1
Evoke: Wand              |       |     6 ||     6
Armor: Robe              |     8 |     1 ||     9
Dodge: Dodged            |    12 |    12 ||    24
